 Dungeon Crawl Stone Soup version 0.21-a0-504-g2eda330 (webtiles) character file.

60 tof the Twirler (level 3, -2/28 HPs)
             Began as a Demonspawn Gladiator on Nov 26, 2017.
             Slain by an ogre
             ... wielding a +0 giant club
              (6 damage)
             ... on level 2 of the Dungeon.
             The game lasted 00:02:37 (1115 turns).

tof the Twirler (Demonspawn Gladiator)              Turns: 1115, Time: 00:02:38

Health: -2/28      AC:  6    Str: 14    XL:     3   Next: 80%
Magic:  3/3        EV: 12    Int:  9    God:
Gold:   8          SH:  0    Dex: 15    Spells: 2/2 levels left

rFire    . . .     SeeInvis .   a - +0 quarterstaff
rCold    . . .     Gourm    .   (shield currently unavailable)
rNeg     . . .     Faith    .   k - +0 ring mail
rPois    .         Spirit   .   c - +0 helmet
rElec    .         Reflect  .   (no cloak)
rCorr    .         Harm     .   (no gloves)
MR       .....                  (no boots)
Stlth    ..........             (no amulet)
HPRegen  0.09/turn              (no ring)
MPRegen  0.08/turn              (no ring)

@: confused
A: hooves 1
a: no special abilities


You were on level 2 of the Dungeon.
You were hungry.

You visited 1 branch of the dungeon, and saw 2 of its levels.

You collected 8 gold pieces.

Inventory:

Hand Weapons
 a - a +0 quarterstaff (weapon)
Missiles
 d - 3 throwing nets (quivered)
 j - 33 poisoned needles
Armour
 c - a +0 helmet (worn)
 k - a +0 ring mail (worn)
Scrolls
 b - 2 scrolls of identify {unknown}
 e - a scroll of magic mapping {unknown}
 h - a scroll of noise {unknown}
 l - a scroll of enchant weapon {unknown}
Potions
 g - 2 potions of curing {unknown}
 m - a potion of mutation {unknown}
 n - a potion of haste {unknown}
Comestibles
 f - 2 bread rations


   Skills:
 + Level 2.5 Fighting
 * Level 3.4 Staves
 + Level 2.3 Throwing
 + Level 3.1 Dodging


You had 2 spell levels left.
You didn't know any spells.

Dungeon Overview and Level Annotations

Branches:
Dungeon (2/15)

Altars:
Xom

Annotations:
D:1 blink
D:2 Sigmund


Innate Abilities, Weirdness & Mutations

You have large cloven feet.


Message History

Sigmund shouts!
You hear a shout!
The hobgoblin closely misses you.
You hit the hobgoblin.
You kill the hobgoblin!
Sigmund mumbles some strange words.
Sigmund flickers and vanishes!
An ogre comes into view. It is wielding a giant club.
You see here a club.
You are confused.
You are more confused.
You're too confused to move!
The ogre hits you with a giant club!!
Ouch! That really hurt!
Something hits you.
* * * LOW HITPOINT WARNING * * *
There is a shimmering altar of Xom, spattered with blood here.
There is a shimmering altar of Xom here.
You bump into the translucent rock wall.
The ogre hits you with a giant club.
You die...

........# #......####.###.##
......### ###.........##...#
#...### #.###..#####...#
#...###### ##.####.# #...#
##.......###.>.###.# #...# ##
..............##_#.♣♣###...##.#
.#........#####..._^≈.##g{...#
.#........####^≈≈.)≈.≈≈#...)##
##........##....@O{≈.........#
##...........#≈≈_#..≈..#...#..#
##.......##.###.......##...#.##
###########.####._§≈.###...#.#
## #.##.###.###.#...#.# ^##
#####........# #>#...#.# ..##
#...........## #.......# ...#
#.###......## #######.#
..#####.##<......# ### #.#


You could see an ogre.

Vanquished Creatures
  2 adders (D:2)
  An ooze (D:1)
  A dart slug (D:1)
  2 leopard geckos (D:1)
  A ball python (D:2)
  6 bats
  2 giant cockroaches (D:1)
  5 goblins (D:1)
  6 hobgoblins
  2 kobolds
  2 frilled lizards
  A rat (D:1)
31 creatures vanquished.

Notes
Turn   | Place    | Note
-------+----------+-------------------------------------------
     0 | D:1      | tof the Demonspawn Gladiator began the quest for the Orb.
     0 | D:1      | Reached XP level 1. HP: 16/16 MP: 1/1
   178 | D:1      | Gained mutation: You have large cloven feet. [demonic ancestry]
   178 | D:1      | Reached XP level 2. HP: 22/22 MP: 2/2
   487 | D:1      | Reached XP level 3. HP: 22/28 MP: 3/3
   644 | D:2      | Found a shimmering altar of Xom.
   645 | D:2      | Found a shimmering altar of Xom.
   645 | D:2      | Found a shimmering altar of Xom.
   645 | D:2      | Found a shimmering altar of Xom.
   645 | D:2      | Found a shimmering altar of Xom.
   645 | D:2      | Found a shimmering altar of Xom.
   646 | D:2      | Found a shimmering altar of Xom.
   954 | D:2      | Noticed Sigmund
  1107 | D:2      | Noticed an ogre
  1115 | D:2      | Slain by an ogre

Vault maps used:
D:1:      lemuel_arrival_lava_pool
D:2:      xom_redecorated, lemuel_doored_altar, uniq_sigmund

Skill      XL: |  1  2 |
---------------+-------+-----
Staves         | 3 |  3.4
Throwing       | 2 |  2.3
Dodging        | 3 |  3.1
Fighting       | |  2.5

Action                   || total
-------------------------++-------
Melee: Quarterstaff      ||    86
       Kick              ||    15
Armor: Leather armour    ||     4
       Ring mail         ||    31
Dodge: Dodged            ||    65

Table legend:
 A = Spawn XP
 B = Non-spawn XP
 C = Spawn XP percentage of total XP
 D = Spawn monster count
 E = Non-spawn monster count
 F = Spawn count percentage of total count
 G = Total turns spent on level
                    A         B        C        D         E        F      G
               +---------+---------+-------+---------+---------+-------+---------
         Total |       0 |      86 |   0.0 |       0 |      31 |   0.0 |  1115
               +---------+---------+-------+---------+---------+-------+---------
           D:1 |       0 |      48 |   0.0 |       0 |      22 |   0.0 |   595
           D:2 |       0 |      38 |   0.0 |       0 |       9 |   0.0 |   520
               +---------+---------+-------+---------+---------+-------+---------
